 Dungeon Crawl Stone Soup version 0.20.0-10-g0535bb4 (webtiles) character file.

489 tv1990 the Magician (level 7, -2/46 HPs)
             Began as a Formicid Wizard on June 7, 2017.
             Succumbed to a killer bee's poison
             ... on level 4 of the Dungeon.
             The game lasted 00:12:49 (4061 turns).

tv1990 the Magician (Formicid Wizard)               Turns: 4061, Time: 00:12:50

Health: -2/46      AC:  1    Str: 11    XL:     7   Next: 36%
Magic:  11/16      EV: 12    Int: 18    God:
Gold:   137        SH:  0    Dex: 11    Spells: 12/19 levels left

rFire    . . .     SeeInvis +   j - +1 dagger (venom)
rCold    + . .     Gourm    .   (no shield)
rNeg     . . .     Faith    .   a - +0 robe
rPois    .         Spirit   .   (helmet unavailable)
rElec    .         Reflect  .   (no cloak)
rCorr    .         Harm     .   (no gloves)
MR       .....                  (no boots)
Stlth    ++........             (no amulet)
Regen    0.2/turn               n - ring of protection from cold
MPRegen  0.2/turn               (no ring)

@: lethally poisoned (-2 -> -30)
A: permanent stasis, dig shafts and tunnels, four strong arms, antennae 3,
deformed body, mutation resistance 1, sense surroundings 1
a: Dig, Shaft Self


You were on level 4 of the Dungeon.
You were not hungry.

You visited 1 branch of the dungeon, and saw 4 of its levels.

You collected 137 gold pieces.

Inventory:

Hand Weapons
 e - a +0 hand axe
 j - a +1 dagger of venom (weapon)
Armour
 a - a +0 robe (worn)
 p - a +0 shield
Jewellery
 n - a ring of protection from cold (left hand)
Scrolls
 g - 3 scrolls of remove curse
 l - 4 scrolls of identify
Potions
 d - a potion of resistance
 h - a potion of heal wounds {unknown}
 i - a potion of flight
 k - a potion of curing {unknown}
 m - a potion of mutation
Books
 b - a book of Minor Magic

   Spells                             Type                      Level
   a - Magic Dart                     Conjuration                  1
   b - Blink                          Translocation                2
   c - Call Imp                       Summoning                    2
   d - Slow                           Hexes                        2
   e - Conjure Flame                  Conjuration/Fire             3
   f - Mephitic Cloud                 Conjuration/Poison/Air       3
Comestibles
 c - 4 bread rations
 f - 2 royal jellies


   Skills:
 - Level 1.7 Dodging
 - Level 2.4 Stealth
 * Level 6.5 Spellcasting
 + Level 4.1 Conjurations
   Level 1.0 Summonings
   Level 0.8 Translocations


You had 12 spell levels left.
You knew the following spells:

 Your Spells              Type           Power        Failure   Level  Hunger
a - Magic Dart            Conj           ###.         1%          1    None
b - Conjure Flame         Conj/Fire      ##......     14%         3    ##.....
c - Mephitic Cloud        Conj/Pois/Air  ##......     19%         3    ##.....


Dungeon Overview and Level Annotations

Branches:
Dungeon (4/15)
 Temple: D:4-7

Altars:

Annotations:
D:4 1 runed door


Innate Abilities, Weirdness & Mutations

You cannot be hasted, slowed, berserked, paralysed or teleported.
You can dig through walls and to a lower floor.
Your four strong arms can wield two-handed weapons with a shield.
You have a pair of large antennae on your head. (SInv)
Armour fits poorly on your strangely shaped body.
You are somewhat resistant to further mutation.
You passively map a small area around you.


Message History

* * * LOW HITPOINT WARNING * * *
You are more poisoned.
The killer bee poisons you!
Casting: Magic Dart
Confirm with . or Enter, or press ? or * to list all spells.
Aiming: Magic Dart
Press: ? - help, Shift-Dir - straight line, f/p - killer bee
Aim: a killer bee (heavily wounded)
The magic dart hits the killer bee.
The killer bee is almost dead.
* * * LOW HITPOINT WARNING * * *
You feel sick. The killer bee stings you.
* * * LOW HITPOINT WARNING * * *
The killer bee stings you.
* * * LOW HITPOINT WARNING * * *
It was a potion of mutation.
You feel extremely strange.
Your body twists and deforms.
You feel a strange attunement to the structure of the dungeons.
You feel genetically stable.
You die...

#.##.##.........#......
#.....)................
####.#####.####........
#######.......#
#..#####.
#............## #.. #.
* #............# #< #.
, ..............# #.
#........y....# *,, ##
...).....#@†..# ,
......#..#....# , ,*
..#...#.#.....# ,
..#.#...#.....# ,
..#....†.# ,
...#......# , .......#
* , , ,{#.......'. ,
........### , *


You could see a killer bee.

Vanquished Creatures
  Sigmund (D:3)
  An ogre (D:4)
  2 killer bees (D:4)
  Robin (D:3)
  6 adders
  A worm (D:3)
  4 dart slugs
  5 leopard geckos
  3 orcs (D:3)
  4 giant cockroaches
  21 goblins
  6 hobgoblins
  4 jackals (D:4)
  2 ball pythons
  9 bats
  5 frilled lizards
  11 kobolds
  7 rats
93 creatures vanquished.

Notes
Turn   | Place    | Note
-------+----------+-------------------------------------------
     0 | D:1      | tv1990 the Formicid Wizard began the quest for the Orb.
     0 | D:1      | Reached XP level 1. HP: 13/13 MP: 4/4
    46 | D:1      | Reached skill level 1 in Conjurations
   353 | D:1      | Reached XP level 2. HP: 17/19 MP: 0/6
   897 | D:1      | Reached XP level 3. HP: 24/24 MP: 5/8
   977 | D:2      | Learned a level 3 spell: Conjure Flame
   981 | D:2      | Learned a level 3 spell: Mephitic Cloud
  1645 | D:2      | Reached skill level 4 in Spellcasting
  1645 | D:2      | Reached XP level 4. HP: 28/30 MP: 0/10
  2181 | D:3      | Noticed Sigmund
  2284 | D:3      | Killed Sigmund
  2284 | D:3      | Reached skill level 5 in Spellcasting
  2284 | D:3      | Reached XP level 5. HP: 14/35 MP: 0/12
  2284 | D:3      | Reached XP level 6. HP: 16/41 MP: 0/14
  2480 | D:3      | Noticed Robin
  2646 | D:3      | Killed Robin
  3555 | D:4      | Noticed an ogre
  3672 | D:4      | Killed an ogre
  3672 | D:4      | Reached skill level 6 in Spellcasting
  3672 | D:4      | Reached XP level 7. HP: 46/46 MP: 6/16
  3815 | D:4      | Found a runed door.
  4060 | D:4      | HP: 1/46 [killer bee (3)]
  4061 | D:4      | Gained mutation: Armour fits poorly on your strangely shaped body. [potion of mutation]
  4061 | D:4      | Gained mutation: You passively map a small area around you. [potion of mutation]
  4061 | D:4      | Gained mutation: You are somewhat resistant to further mutation. [potion of mutation]
  4061 | D:4      | Succumbed to a killer bee's poison

Skill      XL: |  1  2  3  4  5  6  7 |
---------------+----------------------+-----
Conjurations   | 1 2 3 4 |  4.1
Spellcasting   | 4 5 6 |  6.5
Dodging        | |  1.7
Stealth        | |  2.4
Summonings     | |  1.0
Translocations | |  0.8

Action                   |  1- 3 |  4- 6 |  7- 9 || total
-------------------------+-------+-------+-------++-------
Melee: Hand axe          |    10 |       |       ||    10
       Dagger            |     4 |    51 |     9 ||    64
 Cast: Magic Dart        |    64 |   126 |    17 ||   207
       Conjure Flame     |     1 |     2 |       ||     3
       Mephitic Cloud    |       |     5 |     1 ||     6
  Use: Scroll            |       |     8 |       ||     8
       Potion            |       |       |     2 ||     2
 Stab: Confused          |       |     1 |       ||     1
  Eat: Chunk             |     2 |     7 |     1 ||    10
Armor: Robe              |       |     9 |       ||     9
       Skin              |       |       |    17 ||    17
Dodge: Dodged            |    18 |    39 |     6 ||    63

Vault maps used:
D:1:      dpeg_arrival_long_road
D:3:      first_bread, uniq_robin, uniq_sigmund
D:4:      minmay_fountain_box, hangedman_decor_peaks_small,
          uniq_crazy_yiuf_cottage
